 Dungeon Crawl Stone Soup version 0.31-a0-968-g24f9ace8b5 (webtiles) character file.

Game seed: 11368741566600077056

2087 LeprechaunX the Mimic (level 9, -2/62 HPs)
             Began as an Octopode Shapeshifter on Oct 27, 2023.
             Slain by an orc wizard
             ... wielding a +0 dagger
              (3 damage)
             ... on level 7 of the Dungeon.
             The game lasted 00:08:54 (6086 turns).

LeprechaunX the Mimic (Octopode Shapeshifter)       Turns: 6086, Time: 00:08:54

Health: -2/62      AC:  1    Str: 15    XL:     9   Next: 27%
Magic:  9/9        EV: 13    Int: 13    God:
Gold:   264        SH:  0    Dex: 13    Spells: 8/8 levels left

rFire   . .          .
                       - Unarmed
rCold   . . .        (no shield)
rNeg    . . .        (helmet currently unavailable)
rPois   .            x - amulet of the acrobat
rElec   .            E - ring of willpower
rCorr   .            (no ring)
SInv    .            (no ring)
Will    +....        (no ring)
Stlth   ++           (no ring)
HPRegen 0.30/turn    (no ring)
MPRegen 0.11/turn    (no ring)
                     (no ring)

%: acrobat
@: beast-form
A: beast (slay +4), almost no armour, amphibious, 8 rings, camouflage 1,
gelatinous body 1, (nimble swimmer 1), tentacles
a: Begin Untransformation


You were on level 7 of the Dungeon.
You were a hulking beast.
You visited 1 branch of the dungeon, and saw 7 of its levels.

You collected 264 gold pieces.

Inventory:

Hand Weapons
 a - a +0 shortbow
 G - a +0 sling
Armour
 r - an orb of wrath
Jewellery
 x - an amulet of the acrobat (around mantle)
 y - an amulet of magic regeneration
 E - a ring of willpower (left tentacle)
Talismans
 b - a beast talisman
 c - a flux talisman
 C - a maw talisman
Wands
 s - a wand of quicksilver (5) (quivered)
Scrolls
 e - a scroll of torment {unknown}
 h - 2 scrolls of enchant armour {unknown}
 j - a scroll of enchant weapon {unknown}
 l - a scroll of poison {unknown}
 m - a scroll of revelation {unknown}
 n - 10 scrolls of identify {unknown}
 o - a scroll of silence {unknown}
 t - 2 scrolls of fear {unknown}
 u - a scroll of vulnerability {unknown}
 B - 2 scrolls of amnesia {unknown}
 H - a scroll of blinking {unknown}
Potions
 d - a potion of ambrosia {unknown}
 f - 4 potions of degeneration {unknown}
 g - 3 potions of heal wounds {unknown}
 i - 2 potions of curing {unknown}
 k - 2 potions of mutation {unknown}
 p - a potion of cancellation {unknown}
 q - a potion of lignification
 v - a potion of might {unknown}
 w - 3 potions of magic {unknown}
 z - a potion of berserk rage {unknown}
 A - a potion of brilliance {unknown}
 D - 2 potions of enlightenment {unknown}
 F - a potion of attraction {unknown}


   Skills:
 + Level 5.6 Fighting
 - Level 2.0 Dodging
 - Level 6.0 Unarmed Combat
 + Level 4.1 Evocations
 * Level 8.1 Shapeshifting


You had 8 spell levels left.
You didn't know any spells.
Your spell library contained the following spells:

 Spells                   Type           Power      Damage    Failure   Level
 Freeze                   Ice            0%         1d3       30%         1
 Necrotise                Necr           0%         1d4       30%         1
 Frozen Ramparts          Ice            0%         1d1       67%         3
 Gell's Gravitas          Tloc           0%         N/A       67%         3
 Hailstorm                Conj/Ice       0%         3d3       67%         3
 Teleport Other           Tloc           0%         N/A       67%         3
 Vampiric Draining        Necr           0%         2d6       67%         3
 Vhi's Electric Charge    Tloc/Air       0%         N/A       97%         4
 Agony                    Necr           0%         N/A       100%        5
 Arcjolt                  Conj/Air       0%         1d10      100%        5
 Dispersal                Tloc           0%         N/A       100%        6
 Plasma Beam              Fire/Air       0%         2x1d10    100%        6
 Haunt                    Necr/Summ      0%         N/A       100%        7
 Borgnjor's Revivificati  Necr           0%         N/A       100%        8
 Death's Door             Necr           0%         N/A       100%        9


Dungeon Overview and Level Annotations

Branches:
Dungeon (7/15)
 Temple: D:4-7

Altars:

Annotations:
D:5 2 transporters, gelatine's ghost, novice DsGl


Innate Abilities, Weirdness & Mutations

You are a hulking beast.
Your limbs bulge with bestial killing power. (Slay +4)
You cannot wear most types of armour.
You are amphibious.
You can wear up to eight rings at the same time.
Your skin changes colour to match your surroundings (Stealth+).
Your rubbery body absorbs attacks. (AC +1, EV +1)
((You are camouflaged when in or above water. (Stealth+)))
You have tentacles for arms and can constrict up to eight enemies at once.


Message History

The orc wizard struggles to escape constriction.
You tentacle-slap the orc wizard. x2
You kill the orc wizard!
You swing at nothing.
Something closely misses you.
The orc wizard mumbles some strange words.
The orc wizard flickers and vanishes!
A magic dart appears from out of thin air!
The magic dart hits something!
You hear some strange, mumbled words.
A magic dart appears from out of thin air!
The magic dart hits you!
You completely miss something. Something hits you. Something burns you.
You closely miss something. Something hits you. Something burns you.
You tentacle-slap something. Something barely misses you.
You bludgeon something!
Reactivating autopickup.
You feel a bit more experienced.
Deactivating autopickup; reactivate with Ctrl-A.
You miss something. Your squeeze misses something. Something hits you.
You barely miss something. Something hits you.
You tentacle-slap something.
You hear some strange, mumbled words.
A magic dart appears from out of thin air!
The magic dart hits you.
* * * LOW HITPOINT WARNING * * *
You tentacle-slap something.
You hear some strange, mumbled words.
A puff of flame appears from out of thin air!
The puff of flame hits you!
* * * LOW HITPOINT WARNING * * *
You closely miss something. You bludgeon something!
Your squeeze misses something. Something completely misses you.
You barely miss something. Your squeeze misses something. Something hits you.
* * * LOW HITPOINT WARNING * * *
Unknown command.
Okay, then.
You closely miss something. Something hits you.
You die...

#.# ..# #.# #.#
#.#.# #.#.#.#
#.#.#.# #
#.#.#.#
.#.##.#.#h#
........#{#
........#.#####
#o.))....#
##.#####.#
#..o.##<#
...#o##.# #.#.#
.#.# #. .# #.#


There were no monsters in sight!

Vanquished Creatures
  Sigmund (D:2)
  Eustachio (D:4)
  Menkaure (D:5)
  Edmund (D:5)
  A water moccasin (D:5)
  An orc warrior (D:7)
  2 ogres
  A centaur (D:6)
  A phantom (D:5)
  4 scorpions
  3 wights (D:6)
  2 jellies
  2 orc priests
  A sleepcap (D:6)
  7 orc wizards
  7 gnolls
  13 adders
  A white imp (D:6)
  2 ufetubi (D:5)
  A worm (D:4)
  8 dart slugs
  17 orcs
  10 ball pythons
  5 endoplasms
  A giant cockroach (D:1)
  9 goblins
  9 hobgoblins
  7 jackals (D:2)
  8 kobolds
  3 quokkas
  9 bats
  4 frilled lizards
  8 rats
151 creatures vanquished.

Notes
Turn   | Place    | Note
-------+----------+-------------------------------------------
     0 | D:1      | LeprechaunX the Octopode Shapeshifter began the quest for
                  | the Orb.
     0 | D:1      | Reached XP level 1. HP: 13/13 MP: 1/1
    74 | D:1      | Reached XP level 2. HP: 18/18 MP: 2/2
   417 | D:1      | Reached XP level 3. HP: 23/23 MP: 3/3
  1078 | D:2      | Noticed Sigmund
  1084 | D:2      | Killed Sigmund
  1085 | D:2      | Reached skill level 4 in Shapeshifting
  1085 | D:2      | Reached XP level 4. HP: 25/30 MP: 4/4
  1085 | D:2      | Reached XP level 5. HP: 30/35 MP: 5/5
  1219 | D:2      | Reached XP level 6. HP: 29/41 MP: 6/6
  1739 | D:3      | Found a faded altar of an unknown god.
  1881 | D:3      | Reached skill level 5 in Shapeshifting
  2207 | D:2      | HP: 2/42 [gnoll/+0 whip (5)]
  2838 | D:4      | Noticed Eustachio
  2865 | D:4      | Killed Eustachio
  2866 | D:4      | Reached XP level 7. HP: 12/46 MP: 7/7
  3229 | D:4      | Reached skill level 6 in Shapeshifting
  3541 | D:4      | Reached skill level 5 in Unarmed Combat
  3848 | D:5      | Entered Level 5 of the Dungeon
  3904 | D:5      | Noticed Edmund
  3922 | D:5      | Killed Edmund
  3923 | D:5      | Reached skill level 1 in Evocations
  3923 | D:5      | Reached XP level 8. HP: 13/54 MP: 8/8
  4238 | D:5      | Found a transporter.
  4241 | D:5      | Noticed gelatine's ghost (novice DsGl)
  4253 | D:5      | Found a transporter.
  4734 | D:5      | Noticed Menkaure
  4740 | D:5      | Killed Menkaure
  4741 | D:5      | Reached skill level 7 in Shapeshifting
  4894 | D:6      | Reached skill level 5 in Fighting
  5304 | D:6      | Reached XP level 9. HP: 55/61 MP: 9/9
  6068 | D:7      | Reached skill level 8 in Shapeshifting
  6082 | D:7      | HP: 3/62 [something/puff of flame (13)]
  6085 | D:7      | HP: 1/62 [something (3)]
  6086 | D:7      | Slain by an orc wizard

Illustrated notes

Levels and vault maps discovered:
D:1:      shiori_arrival_maze, layout_loops_ring
D:2:      layout_loops_cross, kennysheep_generic_room_13, uniq_sigmund
D:3:      layout_basic, shapermc_ecumenical_altar_mp_highgroup,
          chequers_serial_rivers_small_a, minivault_26
D:4:      layout_basic, minmay_snake_closets, uniq_eustachio
D:5:      layout_basic, gammafunk_ghost_mausoleum, uniq_menkaure, uniq_edmund
D:6:      layout_basic
D:7:      layout_basic, minmay_temple_entry_sparse_star, serial_shops, shop

Skill      XL: |  1  2  3  4  5  6  7  8  9 |
---------------+----------------------------+-----
Fighting       | 2 3 4 5 |  5.6
Unarmed Combat | 4 5 6 |  6.0
Shapeshifting  | 4 5 6 7 8 |  8.1
Evocations     | 1 3 4 |  4.1
Dodging        | |  2.0

Action                     |  1- 3 |  4- 6 |  7- 9 || total
---------------------------+-------+-------+-------++-------
  Melee: Unarmed           |    62 |   107 |   172 ||   341
         Constrict         |    19 |    29 |    43 ||    91
         Tentacles         |    10 |    25 |    45 ||    80
         Punch             |       |     3 |     6 ||     9
   Fire: Shortbow          |       |       |    25 ||    25
  Evoke: Wand              |       |       |     5 ||     5
   Stab: Sleeping          |     4 |     4 |    11 ||    19
 Armour: Skin              |    29 |    62 |    78 ||   169
  Dodge: Dodged            |    34 |    75 |   115 ||   224

Table legend: (Time is in decaauts)
 A = Elapsed time spent in this place.
 B = Non-inter-level travel time spent in this place.
 C = Inter-level travel time spent in this place.
 D = Time resting spent in this place.
 E = Time spent auto-exploring this place.
 F = Levels seen in this place.
 G = Mean time per level.
                   A        B        C        D        E       F      G
               +--------+--------+--------+--------+--------+-----+--------+
         Total |   6061 |   5550 |    511 |    593 |   3987 |   7 |  865.9 |
       Dungeon |   6061 |   5550 |    511 |    593 |   3987 |   7 |  865.9 |
               +--------+--------+--------+--------+--------+-----+--------+

Top non-repeatable levels by time:
     D:4: 1235 daAuts
     D:3: 1078 daAuts
     D:5: 1051 daAuts
     D:6: 995 daAuts
     D:1: 885 daAuts
     D:2: 777 daAuts
     D:7: 38 daAuts
